 Dungeon Crawl Stone Soup version 0.19.0-2-gae57169 (webtiles) character file.

20678 JeffiDaFish the Basher (level 12, -2/78 HPs)
             Began as a Gargoyle Fighter on Nov 6, 2016.
             Was an Elder of Makhleb.
             Slain by an alligator snapping turtle (14 damage)
             ... on level 4 of the Lair of Beasts.
             The game lasted 00:33:39 (11299 turns).

JeffiDaFish the Basher (Gargoyle Fighter)          Turns: 11299, Time: 00:33:39

Health: -2/78      AC: 35    Str: 27    XL:     12   Next: 82%
Magic:  17/17      EV:  8    Int:  9    God:    Makhleb [****..]
Gold:   839        SH: 12    Dex: 10    Spells: 1 memorised, 15 levels left

rFire  . . .     SeeInvis .     F - +2 flail (protect)
rCold  + . .     Gourm    .     y - +0 plate armour {rC+}
rNeg   + . .     Faith    .     c - +0 shield
rPois  ∞         Spirit   .     e - +0 helmet
rElec  +         Reflect  .     (no cloak)
rCorr  .         Harm     .     (no gloves)
MR     .....                    G - +2 pair of boots
Stlth  ..........               (no amulet)
                                z - ring of stealth
                                k - +3 ring of strength

@: protection aura
A: negative energy resistance 1, electricity resistance, unbreathing,
petrification resistance, rot immunity, AC +8
a: Minor Destruction, Lesser Servant of Makhleb, Major Destruction, Renounce
Religion


You were on level 4 of the Lair of Beasts.
You worshipped Makhleb.
Makhleb was greatly pleased with you.
You were not hungry.

You visited 3 branches of the dungeon, and saw 14 of its levels.

You collected 839 gold pieces.

Inventory:

Hand Weapons
 F - a +2 flail of protection (weapon)
Armour
 c - a +0 shield (worn)
 e - a +0 helmet (worn)
 y - a +0 plate armour of cold resistance (worn)
 G - a +2 pair of boots (worn)
Jewellery
 a - an uncursed ring of protection from cold {unknown}
 k - a +3 ring of strength (left hand)
 z - a ring of stealth (right hand)
 E - an uncursed amulet of harm
Wands
 n - a wand of polymorph (7/24)
 r - a wand of disintegration (15/24)
 D - a wand of slowing (19/48)
Scrolls
 b - a scroll of teleportation
 d - 4 scrolls of magic mapping
 g - 4 scrolls of identify
 i - 2 scrolls of recharging
 m - 6 scrolls of remove curse
Potions
 h - 2 potions of haste
 p - 2 potions of flight
 q - a potion of cancellation
 s - a potion of magic
 v - a potion of cure mutation
Books
 x - a book of Misfortune

   Spells                             Type                      Level
   a - Confusing Touch                Hexes                        1
   b - Confuse                        Hexes                        3
   c - Gell's Gravitas                Hexes/Translocation          3
   d - Petrify                        Transmutation/Earth          4
   e - Metabolic Englaciation         Hexes/Ice                    5
   f - Yara's Violent Unravelling     Hexes/Transmutation          5
 A - a book of Battle

   Spells                             Type                      Level
   a - Infusion                       Charms                       1
   b - Shroud of Golubria             Charms/Translocation         2
   c - Song of Slaying                Charms                       2
   d - Spectral Weapon                Hexes/Charms                 3
   e - Regeneration                   Charms/Necromancy            3
 B - a book of Clouds

   Spells                             Type                      Level
   a - Mephitic Cloud                 Conjuration/Poison/Air       3
   b - Conjure Flame                  Conjuration/Fire             3
   c - Poisonous Cloud                Conjuration/Poison/Air       6
   d - Freezing Cloud                 Conjuration/Ice/Air          6
   e - Ring of Flames                 Charms/Fire                  7
Comestibles
 f - 10 bread rations
 j - 3 slices of pizza
 l - 8 fruits
 t - 12 chunks of flesh
 u - 4 meat rations
 C - a royal jelly


   Skills:
 * Level 10.5 Fighting
 * Level 12.0 Maces & Flails
 * Level 9.7 Armour
 - Level 3.3 Dodging
 - Level 1.2 Stealth
 * Level 10.9 Shields
 + Level 3.9 Spellcasting
 + Level 3.5 Hexes


You had 15 spell levels left.
You knew the following spells:

 Your Spells              Type           Power        Failure   Level  Hunger
a - Confuse               Hex            #.......     100%        3    ###....


Dungeon Overview and Level Annotations

Branches:
Dungeon (9/15)             Temple (1/1) D:5            Lair (4/6) D:8
 Shoals (0/4) Lair:4       Spider (0/4) Lair:2
    Orc: D:9-12

Altars:
Ashenzari
Cheibriados
Dithmenos
Elyvilon
Fedhas
Gozag
Hepliaklqana
Kikubaaqudgha
Makhleb
Nemelex Xobeh
Okawaru
Ru
Sif Muna
Trog
Uskayaw
Vehumet
Xom
Yredelemnul
Zin
The Shining One

Shops:
D:5 :%


Innate Abilities, Weirdness & Mutations

You are resistant to torment.
Your stone body is resilient. (AC +8)
You are immune to poison.
You resist negative energy. (rN+)
You are resistant to electric shocks. (rElec)
You can survive without breathing.
You are immune to petrification.
You are immune to rotting.


Message History

You feel better. You block the elephant's attack.
The elephant trunk-slaps you but does no damage.
The alligator snapping turtle bites you.
* * * LOW HITPOINT WARNING * * *
You hit the alligator snapping turtle.
The alligator snapping turtle is moderately wounded.
You block the elephant's attack.
The elephant trunk-slaps you but does no damage.
You block the alligator snapping turtle's attack.
You hit the alligator snapping turtle.
The alligator snapping turtle is moderately wounded.
The elephant barely misses you. You block the elephant's attack.
You hit the alligator snapping turtle but do no damage.
The alligator snapping turtle is moderately wounded.
The alligator snapping turtle bites you but does no damage.
The elephant barely misses you. You block the elephant's attack.
You thump the alligator snapping turtle!
The alligator snapping turtle is heavily wounded.
The alligator snapping turtle bites you!
You die...

#........# . ##....÷.[# .
##......## # ##........# ##### #
###### #.#......## ##.#.####
..#P.#######.......P#####.#....#.
P...............................<
...............tY................
................@................
.................................
......................÷..........
.................................
#.###....P#.##.####.........#...#
### ####.####### #.....÷##.#####
### ##.......#..# #..÷....#...#
#.........#..# #


You could see an alligator snapping turtle and an elephant.

Vanquished Creatures
  A hydra (Lair:4)
  The ghost of Savior361 the Arsonist, a novice GrFE of Sif Muna (D:8)
  Pikel (D:4)
  2 sirens (Lair:4)
  3 black mambas
  4 elephants (Lair:4)
  3 spiny frogs
  2 komodo dragons (Lair:2)
  3 jumping spiders (Lair:2)
  2 merfolk (Lair:4)
  7 hippogriffs
  7 blink frogs
  Sigmund (D:2)
  2 spriggans
  5 redbacks (Lair:2)
  3 wyverns
  28 yaks
  Eustachio (D:4)
  A basilisk (Lair:1)
  A hungry ghost (D:8)
  Duvessa (D:4)
  5 water moccasins
  14 porcupines
  An ice beast (D:8)
  4 orc warriors
  5 ogres
  A phantom (D:4)
  A necrophage (D:8)
  2 centaurs
  3 crocodiles
  2 big kobolds
  5 bullfrogs
  Dowan (D:4)
  A scorpion (D:4)
  3 wights (D:7)
  A crimson imp (D:5)
  A centaur zombie (D:6)
  2 hounds (D:7)
  3 orc priests
  Crazy Yiuf (D:4)
  3 orc wizards
  A bullfrog skeleton (D:8)
  3 iguanas
  9 worker ants
  A killer bee zombie (D:5)
  3 gnolls (D:8)
  A howler monkey skeleton (D:8)
  11 adders
  3 river rats (D:8)
  A shadow imp (D:7)
  An ooze (D:3)
  An adder zombie (D:7)
  3 worms
  6 dart slugs
  7 leopard geckos
  28 orcs
  4 ball pythons
  9 giant cockroaches
  9 goblins
  7 hobgoblins
  6 jackals
  15 kobolds
  2 quokkas
  17 bats
  6 frilled lizards
  A quokka zombie (D:7)
  16 rats
  A fungus (D:8)
310 creatures vanquished.

Vanquished Creatures (others)
  A slave (D:4)
  A bullfrog (D:4)
  A worm (D:4)
  9 fungi
  2 plants
14 creatures vanquished.

Grand Total: 324 creatures vanquished

Notes
Turn   | Place    | Note
-------+----------+-------------------------------------------
     0 | D:1      | JeffiDaFish the Gargoyle Fighter began the quest for the Orb.
     0 | D:1      | Reached XP level 1. HP: 14/14 MP: 1/1
    57 | D:1      | Reached XP level 2. HP: 16/19 MP: 2/2
   175 | D:1      | Found a shattered altar of Ashenzari.
   251 | D:1      | Gained mutation: You are weak. (Str -2) [potion of mutation]
   251 | D:1      | Gained mutation: Scrolls take you a little longer to read. [potion of mutation]
   251 | D:1      | Lost mutation: You are weak. (Str -2) [potion of mutation]
   552 | D:1      | Reached XP level 3. HP: 21/23 MP: 3/3
  1111 | D:2      | Noticed Sigmund
  1126 | D:2      | Killed Sigmund
  1126 | D:2      | Reached skill level 3 in Maces & Flails
  1126 | D:2      | Reached skill level 1 in Dodging
  1126 | D:2      | Reached XP level 4. HP: 7/29 MP: 4/4
  1126 | D:2      | Reached XP level 5. HP: 8/33 MP: 5/5
  1374 | D:2      | Reached skill level 4 in Maces & Flails
  1449 | D:2      | Reached XP level 6. HP: 38/38 MP: 6/6
  2443 | D:4      | Noticed Duvessa
  2444 | D:4      | Noticed Dowan
  2452 | D:4      | Killed Duvessa
  2470 | D:4      | Killed Dowan
  2470 | D:4      | Reached XP level 7. HP: 37/43 MP: 7/7
  2564 | D:4      | Reached skill level 5 in Shields
  2584 | D:4      | Lost mutation: Scrolls take you a little longer to read. [potion of cure mutation]
  2608 | D:4      | Reached skill level 5 in Maces & Flails
  2678 | D:4      | Noticed Pikel
  2704 | D:4      | Killed Pikel
  2704 | D:4      | Reached skill level 6 in Maces & Flails
  2704 | D:4      | Reached XP level 8. HP: 35/48 MP: 8/8
  2868 | D:4      | Reached skill level 5 in Fighting
  3052 | D:4      | Noticed Eustachio
  3078 | D:4      | Killed Eustachio
  3078 | D:4      | Reached skill level 7 in Maces & Flails
  3078 | D:4      | Reached skill level 1 in Stealth
  3162 | D:4      | Found a runed door.
  3166 | D:4      | Noticed Crazy Yiuf
  3174 | D:4      | Killed Crazy Yiuf
  3354 | D:5      | Entered Level 5 of the Dungeon
  3358 | D:5      | Found Hiem's Food Emporium.
  3441 | D:5      | Found a shimmering altar of Xom.
  3629 | D:5      | Found a staircase to the Ecumenical Temple.
  3668 | D:5      | Reached XP level 9. HP: 47/55 MP: 9/9
  3676 | Temple   | Entered the Ecumenical Temple
  3734 | Temple   | Became a worshipper of Makhleb the Destroyer
  4114 | D:5      | Reached skill level 8 in Maces & Flails
  4144 | D:5      | Found Ahogomypn's Book Boutique.
  4282 | D:6      | Found a blossoming altar of Fedhas.
  4329 | D:6      | Reached skill level 5 in Armour
  4774 | D:7      | HP: 2/55 [orc warrior/scimitar of slicing (3)]
  5170 | D:7      | Reached * piety under Makhleb
  5238 | D:7      | Reached skill level 9 in Maces & Flails
  5578 | D:7      | Found an iron altar of Okawaru.
  5646 | D:7      | Found a hide-covered altar of Uskayaw.
  5890 | D:7      | Found a shattered altar of Ashenzari.
  6062 | D:8      | Found a sparkling altar of Nemelex Xobeh.
  6113 | D:8      | Reached XP level 10. HP: 61/61 MP: 10/10
  6114 | D:8      | Noticed Savior361's ghost (novice GrFE)
  6146 | D:8      | Killed Savior361's ghost
  6160 | D:8      | Reached skill level 10 in Maces & Flails
  6512 | D:8      | Reached ** piety under Makhleb
  6752 | D:8      | Found a staircase to the Lair.
  7000 | Lair:1   | Entered Level 1 of the Lair of Beasts
  7010 | Lair:1   | Learned a level 3 spell: Confuse
  7125 | Lair:1   | Reached skill level 1 in Spellcasting
  7131 | Lair:1   | Reached skill level 1 in Hexes
  7303 | Lair:1   | Reached XP level 11. HP: 68/68 MP: 11/13
  8210 | Lair:2   | Found a hole to the Spider Nest.
  9179 | Lair:3   | Reached skill level 11 in Maces & Flails
  9443 | Lair:3   | Reached *** piety under Makhleb
  9583 | Lair:3   | Reached skill level 10 in Shields
  9726 | Lair:3   | Found an iron altar of Okawaru.
 10081 | Lair:3   | Reached XP level 12. HP: 76/76 MP: 16/16
 10174 | Lair:4   | Noticed an eight-headed hydra
 10186 | Lair:4   | Killed an eight-headed hydra
 10616 | Lair:4   | Found a staircase to the Shoals.
 10647 | Lair:4   | Reached skill level 10 in Fighting
 10736 | Lair:4   | Reached **** piety under Makhleb
 11256 | Lair:4   | Noticed an alligator snapping turtle
 11268 | Lair:4   | Reached skill level 12 in Maces & Flails
 11299 | Lair:4   | Slain by an alligator snapping turtle

Skill      XL: |  1  2  3  4  5  6  7  8  9 10 11 12 |
---------------+-------------------------------------+-----
Fighting       | 4 5 6 8 9 10 | 10.5
Maces & Flails | 3 4 6 7 9 10 11 12 | 12.0
Armour         | 4 5 7 8 9 |  9.7
Dodging        | 1 2 3 |  3.3
Shields        | 4 5 6 7 9 10 | 10.9
Stealth        | 1 |  1.2
Spellcasting   | 1 2 3 |  3.9
Hexes          | 1 2 3 |  3.5

Action                   |  1- 3 |  4- 6 |  7- 9 | 10-12 || total
-------------------------+-------+-------+-------+-------++-------
Melee: Flail             |   110 |   185 |   450 |   974 ||  1719
  Use: Scroll            |     6 |     4 |     4 |     6 ||    20
       Potion            |     4 |     2 |     5 |     7 ||    18
  Eat: Chunk             |     1 |     5 |    12 |    16 ||    34
       Bread ration      |       |       |       |     1 ||     1
       Royal jelly       |       |       |       |     1 ||     1
Armor: Scale mail        |    67 |   149 |     3 |       ||   219
       Chain mail        |       |       |   132 |       ||   132
       Plate armour      |       |       |    75 |   752 ||   827
       Skin              |       |       |       |    65 ||    65
Dodge: Dodged            |    46 |   117 |   131 |   321 ||   615
Block: Shield            |    76 |   148 |   261 |   717 ||  1202
